 Dungeon Crawl Stone Soup version 0.18.1-48-g4cf74bf (webtiles) character file.

391 theElss the Conjurer (level 6, -11/42 HPs)
             Began as a High Elf Conjurer on Sept 5, 2016.
             Mangled by ThereIsNoGod's ghost (14 damage)
             ... on level 4 of the Dungeon.
             The game lasted 00:15:40 (5301 turns).

theElss the Conjurer (High Elf Conjurer)            Turns: 5301, Time: 00:15:40

Health: -11/42     AC:  4    Str:  8    XL:     6   Next: 50%
Magic:  0/13       EV: 13    Int: 20    God:
Gold:   147        SH:  0    Dex: 16    Spells: 4 memorised, 1 level left

rFire  . . .     SeeInvis .     o - +0 dagger
rCold  . . .     Gourm    +     a - +0 robe
rNeg   . . .     Faith    .     (no shield)
rPois  .         Spirit   .     A - +0 helmet
rElec  .         Dismiss  .     (no cloak)
rCorr  .         Reflect  .     m - +0 pair of gloves
SustAt .         Harm     .     (no boots)
MR     .....                    q - amulet of the gourmand
Stlth  +++.......               (no ring)
                                B - ring of stealth

@: not resistant to hostile enchantments, fairly stealthy
A: no striking features
a: no special abilities


You were on level 4 of the Dungeon.
You were completely stuffed.

You visited 1 branch of the dungeon, and saw 4 of its levels.

You collected 147 gold pieces.

Inventory:

Hand Weapons
 o - a +0 dagger (weapon)
Armour
 a - a +0 robe (worn)
 m - a +0 pair of gloves (worn)
 A - a +0 helmet (worn)
 D - a +2 robe of magic resistance
Jewellery
 q - an amulet of the gourmand (around neck)
 B - a ring of stealth (left hand)
Wands
 C - a wand of acid (6/15)
Scrolls
 d - a scroll of random uselessness {unknown}
 e - 3 scrolls of fear {unknown}
 h - 4 scrolls of identify {unknown}
 l - a scroll of teleportation {unknown}
 n - 2 scrolls of remove curse {unknown}
 r - 2 scrolls of noise {unknown}
 s - a scroll of amnesia {unknown}
 y - 2 scrolls of magic mapping {unknown}
Potions
 f - 2 potions of cure mutation {unknown}
 g - a potion of haste {unknown}
 j - 3 potions of degeneration {unknown}
 k - a potion of curing {unknown}
 p - a potion of invisibility {unknown}
 v - a potion of cancellation {unknown}
 w - 2 potions of lignification {unknown}
 z - a potion of heal wounds {unknown}
Books
 b - a book of Conjurations

   Spells                             Type                      Level
   a - Magic Dart                     Conjuration                  1
   b - Searing Ray                    Conjuration                  2
   c - Dazzling Spray                 Conjuration/Hexes            3
   d - Fulminant Prism                Conjuration/Hexes            4
   e - Iskenderun's Mystic Blast      Conjuration                  4
   f - Iskenderun's Battlesphere      Conjuration/Charms           5
 u - a book of Debilitation

   Spells                             Type                      Level
   a - Corona                         Hexes                        1
   b - Slow                           Hexes                        2
   c - Gell's Gravitas                Hexes/Translocation          3
   d - Inner Flame                    Hexes/Fire                   3
   e - Cause Fear                     Hexes                        4
   f - Leda's Liquefaction            Hexes/Earth                  4
Comestibles
 c - 2 bread rations
 i - 3 meat rations
 t - 2 slices of pizza


   Skills:
 * Level 3.1 Fighting
 + Level 2.9 Dodging
 - Level 2.1 Stealth
 + Level 4.1 Spellcasting
 + Level 6.7 Conjurations


You had one spell level left.
You knew the following spells:

 Your Spells              Type           Power        Failure   Level  Hunger
a - Magic Dart            Conj           ####         1%          1    None
b - Iskenderun's Battles  Conj/Chrm      ###.....     89%         5    ######.
c - Searing Ray           Conj           ####..       1%          2    #......
d - Iskenderun's Mystic   Conj           ####....     10%         4    ####...


Dungeon Overview and Level Annotations

Branches:
Dungeon (4/15)
 Temple: D:4-7

Altars:
Cheibriados
Pakellas
Sif Muna

Annotations:
D:4 ThereIsNoGod's ghost, amateur MiGl


Message History

ThereIsNoGod's ghost misses you.
Casting: Searing Ray
Confirm with . or Enter, or press ? or * to list all spells.
Aiming: Magic Dart
Press: ? - help, Shift-Dir - straight line, f/p - ThereIsNoGod's ghost
Aim: ThereIsNoGod's ghost (almost destroyed)
The magic dart hits ThereIsNoGod's ghost.
ThereIsNoGod's ghost is almost destroyed.
ThereIsNoGod's ghost barely misses you.
Casting: Magic Dart
Confirm with . or Enter, or press ? or * to list all spells.
Aiming: Magic Dart
Press: ? - help, Shift-Dir - straight line, f/p - ThereIsNoGod's ghost
Aim: ThereIsNoGod's ghost (almost destroyed)
The magic dart hits ThereIsNoGod's ghost.
ThereIsNoGod's ghost is almost destroyed.
ThereIsNoGod's ghost hits you!
* * * LOW HITPOINT WARNING * * *
ThereIsNoGod's ghost hits you!
You die...

#.# ####....#.
############.####.........
..................#...###.
############.####...#.....
#.# #.#...#### #.# #.##.##
# #.# #.##.# # #########.#
#.##.# # #....W@...#
#.##.# # #.#########
#.##.# # #.# #.##.# #.#
#)##.# #.# #.##.##### #.#
#.##...... #.# #.########
#.# #....# #.# ####.#


You could see ThereIsNoGod's ghost.

Vanquished Creatures
  Blork the orc (D:4)
  An orc wizard (D:3)
  Natasha (thrice) (D:2)
  Terence (D:2)
  4 gnolls (D:4)
  5 adders
  An ooze (D:1)
  2 worms
  5 dart slugs
  5 giant geckos
  4 orcs (D:3)
  8 bats
  2 giant cockroaches
  10 goblins
  6 hobgoblins
  9 jackals (D:3)
  7 kobolds
  2 quokkas
  3 giant newts
  9 rats
  A bush (D:1)
89 creatures vanquished.

Notes
Turn   | Place    | Note
--------------------------------------------------------------
     0 | D:1      | theElss the High Elf Conjurer began the quest for the Orb.
     0 | D:1      | Reached XP level 1. HP: 11/11 MP: 4/4
   237 | D:1      | Reached XP level 2. HP: 18/18 MP: 2/6
   260 | D:1      | Learned a level 2 spell: Searing Ray
   669 | D:1      | Reached skill level 5 in Conjurations
  1297 | D:1      | Reached XP level 3. HP: 22/22 MP: 3/7
  1343 | D:2      | Reached skill level 1 in Fighting
  1889 | D:2      | Noticed Natasha
  1894 | D:2      | Killed Natasha
  1894 | D:2      | Reached XP level 4. HP: 15/29 MP: 3/9
  1903 | D:2      | Noticed Natasha
  2077 | D:2      | Killed Natasha
  2083 | D:2      | Noticed Natasha
  2086 | D:2      | Killed Natasha
  2176 | D:2      | Reached XP level 5. HP: 34/34 MP: 8/10
  2183 | D:2      | Learned a level 4 spell: Iskenderun's Mystic Blast
  2222 | D:2      | Found an oddly glowing altar of Pakellas.
  2224 | D:2      | Reached skill level 6 in Conjurations
  2225 | D:2      | Noticed Terence
  2237 | D:2      | Killed Terence
  3282 | D:3      | Found a deep blue altar of Sif Muna.
  3714 | D:3      | Reached XP level 6. HP: 41/41 MP: 7/12
  3756 | D:3      | Learned a level 5 spell: Iskenderun's Battlesphere
  3858 | D:4      | Found a snail-covered altar of Cheibriados.
  4091 | D:4      | Noticed ThereIsNoGod's ghost (amateur MiGl)
  4693 | D:4      | Noticed Blork the orc
  4956 | D:4      | Killed Blork the orc
  5296 | D:4      | HP: 2/42 [ThereIsNoGod's ghost (15)]
  5301 | D:4      | Mangled by ThereIsNoGod's ghost

Skill      XL: |  1  2  3  4  5  6 |
---------------+-------------------+-----
Conjurations   | 5 6 |  6.7
Fighting       | 1 2 3 |  3.1
Spellcasting   | 3 4 |  4.1
Dodging        | |  2.9
Stealth        | |  2.1

Action                   |  1- 3 |  4- 6 || total
-------------------------+-------+-------++-------
Melee: Unarmed           |     3 |       ||     3
       Dagger            |   113 |     3 ||   116
 Cast: Magic Dart        |    63 |   110 ||   173
       Searing Ray       |     3 |    16 ||    19
       Iskenderun's Myst |       |     5 ||     5
  Eat: Chunk             |     7 |    19 ||    26
Armor: Robe              |     3 |    10 ||    13
Dodge: Dodged            |     7 |    42 ||    49
